 Dungeon Crawl Stone Soup version 0.30-a0-672-gc3a7216ad8 (webtiles) character file.

Game seed: 7013966003503926431

65 wormed the Stinger (level 4, 0/23 (27) HPs)
             Began as an Octopode Venom Mage on Jan 18, 2023.
             Killed from afar by Ijyb (19 damage)
             ... with a bolt of light
             ... on level 3 of the Dungeon.
             The game lasted 00:04:15 (2404 turns).

wormed the Stinger (Octopode Venom Mage)            Turns: 2404, Time: 00:04:15

HP:   0/23 (27)     AC:  1    Str:  6 (7)  XL:     4   Next: 13%
MP:   1/7           EV: 13    Int: 18 (19) God:
Gold: 95            SH:  0    Dex: 10 (12) Spells: 1/8 levels left

rFire   . . .      SeeInvis .    (no weapon)
rCold   . . .      Faith    .    (no shield)
rNeg    . . .      Spirit   .    (helmet restricted)
rPois   .          Reflect  .    (no amulet)
rElec   .          Harm     .    (no ring)
rCorr   .          Rampage  .    (no ring)
Will    .....                    (no ring)
Stlth   +++                      (no ring)
HPRegen 0.23/turn                (no ring)
MPRegen 0.10/turn                (no ring)
                                 (no ring)
                                 (no ring)

@: heavily drained
A: almost no armour, amphibious, 8 rings, camouflage 1, gelatinous body 1,
(nimble swimmer 1), tentacles
a: no special abilities


You were on level 3 of the Dungeon.
You visited 1 branch of the dungeon, and saw 3 of its levels.

You collected 95 gold pieces.

Inventory:

Magical Staves
 b - a staff of air
Jewellery
 c - a ring of ice
Scrolls
 d - a scroll of acquirement {unknown}
 e - a scroll of vulnerability
 j - a scroll of fog {unknown}
Potions
 a - a potion of magic
 f - a potion of degeneration
 g - a potion of attraction
 h - a potion of heal wounds
 i - 2 potions of haste {unknown}


   Skills:
 - Level 2.0 Dodging
 - Level 2.6 Stealth
 + Level 2.6 Spellcasting
 * Level 2.7 Transmutations
 + Level 4.3 Poison Magic


You had one spell level left.
You knew the following spells:

 Your Spells              Type           Power      Damage    Failure   Level
a - Sting                 Tmut/Pois      60%        1d6       4%          1
b - Poisonous Vapours     Pois/Air       20%        N/A       11%         2
c - Olgreb's Toxic Radia  Pois           17%        N/A       28%         4

Your spell library contained the following spells:

 Spells                   Type           Power      Damage    Failure   Level
 Mephitic Cloud           Conj/Pois/Air  7%         N/A       28%         3


Dungeon Overview and Level Annotations

Branches:
Dungeon (3/15)

Altars:
Elyvilon

Shops:
D:2 =   D:3 :

Annotations:
D:3 Grinder, Ijyb, Robin


Innate Abilities, Weirdness & Mutations

You cannot wear most types of armour.
You are amphibious.
You can wear up to eight rings at the same time.
Your skin changes colour to match your surroundings (Stealth+).
Your rubbery body absorbs attacks. (AC +1, EV +1)
((You are camouflaged when in or above water. (Stealth+)))
You have tentacles for arms and can constrict up to eight enemies at once.


Message History

Ouch! That really hurt!
Casting: Poisonous Vapours (safe; 10% risk of failure)
Confirm with . or Enter, or press ? or * to list all spells.
Aiming: Sting (safe; 3% risk of failure)
Press: ? - help, Shift-Dir - straight line, f/p - Ijyb
Aim: Ijyb, wielding a +0 dagger, wearing a +0 scale mail and carrying a wand of light (6) (very poisoned, 71% to hit)
The sting hits Ijyb.
Ijyb looks as sick as possible!
Ijyb is lightly wounded.
Ijyb closely misses you.
It was a potion of degeneration.
There was something very wrong with that liquid.
You feel weakened.
You feel dopey.
You feel clumsy. Ijyb hits you with a +0 dagger.
* * * LOW HITPOINT WARNING * * *
It was a potion of heal wounds.
You feel much better. Ijyb hits you with a +0 dagger.
You tentacle-slap Ijyb but do no damage.
You grab Ijyb.
Ijyb is moderately wounded.
You constrict Ijyb, but do no damage.
Ijyb zaps a wand.
The bolt of light misses you.
You tentacle-slap Ijyb but do no damage.
Ijyb is moderately wounded.
You constrict Ijyb, but do no damage. Ijyb closely misses you.
You tentacle-slap Ijyb but do no damage.
You squeeze Ijyb.
Ijyb is heavily wounded.
You constrict Ijyb, but do no damage. Ijyb hits you with a +0 dagger.
You tentacle-slap Ijyb but do no damage.
Ijyb is severely wounded.
You constrict Ijyb, but do no damage.
Ijyb zaps a wand.
The bolt of light misses you.
You barely miss Ijyb.
Ijyb is severely wounded.
You constrict Ijyb, but do no damage. Ijyb hits you with a +0 dagger.
You tentacle-slap Ijyb.
Ijyb is severely wounded.
You constrict Ijyb.
Ijyb zaps a wand.
The bolt of light hits you!!
Ouch! That really hurt!
You die...

################.##
#.........#@......#
#.##.#.⌠.⌠#g##.....
#.#.....∩.#.##.#..#
######.#..#.⌠.⌠.....#
#
.......#..#.##.#.####
.###...###..##.#.#
.#~~..r~~#.....#..
.#~..♣..~#)##########
...........# #.....#


You could see Ijyb (very poisoned).

Vanquished Creatures
  An adder (D:2)
  A worm (D:2)
  2 bats (D:2)
  5 endoplasms (D:1)
  2 giant cockroaches
  8 goblins
  3 hobgoblins
  4 jackals (D:1)
  4 kobolds
  3 quokkas
  5 ball pythons
  A frilled lizard (D:1)
  6 rats
45 creatures vanquished.

Notes
Turn   | Place    | Note
-------+----------+-------------------------------------------
     0 | D:1      | wormed the Octopode Venom Mage began the quest for the Orb.
     0 | D:1      | Reached XP level 1. HP: 11/11 MP: 3/3
   175 | D:1      | Reached XP level 2. HP: 17/17 MP: 0/5
   725 | D:1      | Reached skill level 4 in Poison Magic
   730 | D:1      | Reached XP level 3. HP: 10/21 MP: 1/6
   914 | D:2      | Learned a level 2 spell: Poisonous Vapours
  1325 | D:2      | Found Umuax's Jewellery Shop.
  1976 | D:2      | Found a faded altar of an unknown god.
  2018 | D:3      | Noticed Robin
  2024 | D:2      | Reached XP level 4. HP: 17/27 MP: 7/7
  2064 | D:2      | Learned a level 4 spell: Olgreb's Toxic Radiance
  2082 | D:3      | Noticed Grinder
  2231 | D:3      | Paralysed by Grinder for 4 turns
  2328 | D:3      | Found a white marble altar of Elyvilon.
  2336 | D:3      | Found Eceucsa's Book Shop.
  2386 | D:3      | Noticed Ijyb
  2404 | D:3      | Killed from afar by Ijyb

Illustrated notes

Levels and vault maps discovered:
D:1:      dpeg_arrival_rhombus, layout_basic, grunt_decor_arrowhead,
          minmay_pentomino_o4
D:2:      layout_basic, shapermc_ecumenical_altar_hornbeckon, serial_shops,
          nicolae_shop_competitors_out_of_business
D:3:      layout_loops_cross, elyvilon_altar_4, mainiacjoe_overflow_paths,
          kennysheep_orc_sif_temple, serial_shops, shop_fountains, uniq_jessica,
          uniq_ijyb, uniq_grinder, uniq_robin

Skill      XL: |  1  2 |
---------------+-------+-----
Transmutations | 2 |  2.7
Poison Magic   | 4 |  4.3
Dodging        | |  2.0
Stealth        | |  2.6
Spellcasting   | |  2.6

Action                   |  1- 3 |  4- 6 || total
-------------------------+-------+-------++-------
Melee: Unarmed           |    52 |    22 ||    74
       Constrict         |    14 |     5 ||    19
       Tentacles         |    11 |     4 ||    15
 Cast: Sting             |    44 |     3 ||    47
       Poisonous Vapours |    15 |     4 ||    19
  Use: Scroll            |     5 |       ||     5
       Potion            |       |     2 ||     2
Armor: Skin              |     8 |     1 ||     9
Dodge: Dodged            |    48 |    18 ||    66

Table legend: (Time is in decaauts)
 A = Elapsed time spent in this place.
 B = Non-inter-level travel time spent in this place.
 C = Inter-level travel time spent in this place.
 D = Time resting spent in this place.
 E = Time spent auto-exploring this place.
 F = Levels seen in this place.
 G = Mean time per level.
                   A        B        C        D        E       F      G
               +--------+--------+--------+--------+--------+-----+--------+
         Total |   2406 |   2220 |    186 |      0 |   1801 |   3 |  802.0 |
       Dungeon |   2406 |   2220 |    186 |      0 |   1801 |   3 |  802.0 |
               +--------+--------+--------+--------+--------+-----+--------+

Top non-repeatable levels by time:
     D:2: 1387 daAuts
     D:1: 880 daAuts
     D:3: 139 daAuts
